AoeStats
← Iamak3186

Arabia

504832244Analyzed
1v1 RM · 26d ago on Sep 6, 2026· 22m 48s· 2 players
Game mode
Random Map
Map size
Tiny (2 player)
Population
200
Speed
Normal
Resources
Standard
Victory
Conquest
Starting age
Dark Age
Ending age
Imperial Age
RankedLock teamsTeams togetherTeam positionsShared explorationLock speedFull tech treeHidden civsTurbo modeCheats
Victory
Defeat
🇲🇽 Khitans · Mexico
1250
+14
🇮🇳 Mongols · India
1217
-14
Iamak3186
5:24 Loom
8:03 Feudal Age
7:36 Loom
9:19 Double-Bit Axe
11:19 Horse Collar
15:51 Wheelbarrow
20:52 Castle Age
20:26 Gold Mining
20:48 Bloodlines
20:45 Scale Barding Armor
20:33 Fletching
21:44 Bow Saw
21:32 Bodkin Arrow
JAGR I Makako
7:05 Loom
9:18 Feudal Age
9:46 Double-Bit Axe
11:17 Domestication
14:37 Wheelbarrow
16:00 Town Watch
20:09 Castle Age
19:39 Scale Barding Armor
19:59 Forging
20:14 Gold Mining
21:21 Bow Saw
21:15 Pastoralism
22:06 Iron Casting
23:19 Chain Barding Armor
Connection lost

Rejoining the realm…

Still unreachable

The connection could not be restored.

Session expired

The server has moved on; the page needs a fresh start.